Map: Cactus Valley LE (Void)

Players

Serral - Winner!

  • Race: Zerg Zerg
  • Spawn Location: 7:00

TRUE

  • Race: Zerg Zerg
  • Spawn Location: 5:00

Event: IEM XI Katowice - World Championship 2017

VOD

Have the link to the VOD?

Description

Time

  • Played on: March 3, 2017, 9:49 a.m.
  • Length: 21:35

All games in this series

Show
View Real Time Build Order
Export as new Build Order

Serral Zerg - Winner!

Build Orders: Pool First 

Get SALT Encoding   

  12  0:00  Drone  
  13  0:12  Overlord  
  13  0:17  Drone  
  14  0:30  Drone x2  
  14  0:34  Drone  
  17  0:44  Extractor  
  17  0:45  Drone  
  17  0:49  Spawning Pool  
  16  0:55  Drone  
  17  1:06  Drone  
  18  1:18  Hatchery  
  17  1:22  Drone  
  18  1:27  Drone  
  19  1:35  Queen  
  21  1:40  Zergling x2  
  21  1:45  Metabolic Boost  
  22  1:53  Overlord  
  22  2:04  Zergling x2, Baneling Nest  
  22  2:12  Queen  
  24  2:22  Drone x2  
  27  2:30  Zergling x2  
  27  2:32  Zergling x2  
  27  2:40  Zergling x2  
  28  2:44  Zergling x6  
  28  2:46  Spine Crawler  
  28  2:47  Baneling  
  28  2:48  Baneling  
  28  2:50  Baneling  
  30  2:52  Zergling x2  
  30  2:56  Zergling x2  
  30  3:08  Queen  
  31  3:13  Zergling x2  
  31  3:14  Zergling x2  
  31  3:16  Baneling  
  31  3:17  Baneling  
  33  3:20  Zergling x2  
  33  3:25  Drone  
  35  3:29  Overlord  
  35  3:41  Baneling x2  
  35  3:56  Drone x3  
  35  3:57  Drone x3  
  40  4:09  Drone x2  
  42  4:11  Drone  
  42  4:13  Overlord  
  42  4:19  Overlord  
  42  4:25  Drone  
  42  4:29  Drone  
  44  4:32  Zergling x2  
  42  4:41  Zergling x4  
  42  4:42  Zergling x2  
  42  4:43  Zergling x2  
  45  4:48  Zergling x2  
  45  4:52  Zergling x2  
  45  4:59  Drone  
  44  5:01  Drone  
  45  5:07  Drone x3  
  45  5:10  Baneling x2  
  45  5:13  Overlord  
  48  5:17  Drone x2  
  48  5:21  Overlord  
  50  5:22  Drone  
  50  5:30  Drone  
  50  5:32  Drone x2  
  50  5:35  Evolution Chamber, Drone  
  52  5:42  Drone  
  52  5:44  Drone  
  52  5:45  Roach Warren  
  52  5:47  Drone x2  
  54  5:52  Overlord  
  54  5:56  Overlord  
  50  5:57  Drone  
  50  6:00  Zerg Missile Weapons Level 1  
  50  6:04  Extractor x2  
  50  6:10  Lair  
  49  6:12  Drone x2  
  49  6:15  Drone  
  51  6:26  Roach x4  
  51  6:27  Roach  
  51  6:31  Roach x2  
  51  6:32  Roach  
  66  6:38  Roach x2  
  68  6:42  Drone  
  68  6:57  Overlord  
  68  7:01  Hatchery  
  68  7:08  Overseer  
  67  7:09  Glial Reconstitution  
  67  7:13  Drone x3  
  67  7:14  Roach x3  
  76  7:19  Drone  
  76  7:20  Drone  
  76  7:22  Roach x3  
  84  7:31  Overlord  
  84  7:34  Roach x3  
  90  7:38  Overlord  
  90  7:44  Drone x3  
  90  7:48  Roach  
  90  7:49  Roach  
  97  7:57  Zerg Missile Weapons Level 2  
  97  7:58  Overlord  
  97  8:00  Overlord  
  97  8:03  Drone  
  97  8:04  Extractor, Drone  
  98  8:06  Drone  
  98  8:11  Drone x2  
  101  8:16  Roach x2  
  105  8:23  Ravager x2  
  105  8:26  Overseer  
  109  8:27  Roach x2  
  109  8:30  Extractor  
  109  8:32  Overlord x2  
  110  8:37  Roach x2  
  110  8:41  Roach x2  
  118  8:47  Ravager  
  119  8:50  Overlord  
  119  8:51  Roach  
  119  8:52  Roach x2  
  125  8:56  Roach  
  125  8:57  Roach  
  125  9:00  Overseer, Overlord  
  129  9:05  Roach  
  129  9:06  Roach x2  
  135  9:10  Roach  
  135  9:11  Roach  
  135  9:16  Overlord x2  
  139  9:26  Roach  
  139  9:27  Roach x3  
  139  9:29  Ravager  
  148  9:33  Roach x3  
  148  9:34  Roach  
  151  9:43  Ravager x2  
  151  9:44  Roach x3  
  151  9:45  Roach  
  157  9:54  Roach x4  
  165  10:07  Roach x2  
  165  10:09  Overlord x2  
  165  10:10  Overlord  
  165  10:12  Overlord  
  169  10:15  Overlord  
  169  10:19  Zerg Ground Armor Level 1  
  165  10:23  Ravager  
  165  10:25  Extractor  
  165  10:26  Drone x3  
  165  10:28  Roach, Ravager  
  169  10:35  Roach x3  
  166  10:41  Roach x3  
  168  10:49  Roach  
  174  10:50  Roach x3  
  174  11:00  Drone  
  174  11:01  Drone  
  174  11:02  Infestation Pit  
  175  11:09  Overseer  
  175  11:10  Roach x4  
  175  11:11  Roach  
  185  11:13  Overseer  
  185  11:17  Ravager  
  186  11:22  Drone  
  187  11:28  Ravager x4  
  187  11:30  Roach x2  
  187  11:32  Hatchery  
  190  11:40  Infestor x2  
  190  11:46  Roach x2  
  194  11:47  Overlord x2  
  194  11:58  Overlord  
  194  12:03  Overlord  
  192  12:14  Roach  
  192  12:15  Roach x9  
  182  12:21  Roach  
  182  12:22  Roach x2  
  166  12:33  Roach  
  168  12:37  Roach Warren  
  167  12:52  Burrow  
  167  13:16  Roach x3  
  167  13:19  Roach x10  
  189  13:30  Roach x6  
  195  13:37  Roach  
  195  13:38  Roach x3  
  175  13:45  Roach x2  
  159  13:55  Roach x3  
  143  13:58  Roach x15  
  124  14:09  Infestor, Extractor  
  125  14:12  Ravager x3  
  125  14:13  Ravager  
  129  14:17  Hatchery  
  129  14:24  Infestor x3  
  134  14:32  Roach x2  
  134  14:33  Roach  
  140  14:44  Roach x4  
  148  14:46  Overseer  
  148  14:47  Overseer  
  148  14:54  Roach  
  148  14:59  Drone x2  
  148  15:00  Drone x5  
  148  15:06  Ravager x3  
  155  15:07  Ravager  
  155  15:08  Roach  
  157  15:18  Roach x3  
  163  15:29  Roach x4  
  171  15:38  Roach x3  
  171  15:40  Ravager  
  178  15:44  Roach x3  
  178  15:54  Roach x3  
  182  16:07  Roach x8  
  182  16:09  Roach x9  
  198  16:16  Roach x6  
  198  16:29  Roach, Drone x13  
  193  16:34  Roach x2  
  193  16:35  Roach x13  
  193  16:36  Roach  
  193  16:38  Roach x3  
  199  16:43  Hatchery  
  199  16:46  Hydralisk Den  
  193  17:03  Roach x3  
  199  17:18  Roach x2  
  199  17:22  Overseer x2  
  183  17:37  Hydralisk  
  183  17:38  Hydralisk x7  
  189  17:45  Overseer  
  187  17:53  Ravager x2  
  187  17:54  Roach x4  
  195  18:04  Roach x3  
  195  18:21  Roach x2  
  199  18:33  Roach x5  
  199  18:40  Hatchery  
  194  18:44  Roach x4  
  200  18:50  Unknown x5  
  200  19:01  Roach x2  
  199  19:16  Roach  
  197  19:18  Roach x3  
  197  19:19  Roach  
  199  19:26  Roach x2  
  199  19:27  Roach  
  199  19:30  Roach x3  
  199  19:31  Roach  
  199  19:33  Roach x9  
  199  19:36  Roach x4  
  199  19:37  Roach x4  
  197  19:39  Roach  
  197  19:43  Roach  
  197  19:46  Roach x16  
  197  19:50  Roach x2  
  197  19:51  Roach x5  
  196  19:53  Roach x18  
  196  19:57  Roach Warren  
  196  19:59  Roach  
  191  20:01  Roach  
  191  20:02  Roach x13  
  191  20:03  Roach x7  
  182  20:07  Roach x2  
  182  20:09  Roach  
  184  20:16  Roach x20  
  184  20:18  Roach x8  
  184  20:19  Roach  
  186  20:23  Roach x2  
  186  20:27  Roach x2  
  186  20:32  Roach  
  186  20:34  Roach  
  184  20:39  Roach x2  
  184  20:42  Roach x16  
  176  20:44  Roach  
  176  20:46  Hydralisk x2  
  176  20:47  Hydralisk  
  176  20:48  Hydralisk  
  176  20:49  Roach  
  174  20:54  Hydralisk x2  
  174  20:59  Hydralisk  
  174  21:00  Hydralisk  
  169  21:06  Roach x2  
Show
View Real Time Build Order
Export as new Build Order

TRUE Zerg 

Build Orders: Pool First 

Get SALT Encoding   

  12  0:00  Drone  
  13  0:13  Extractor  
  12  0:25  Spawning Pool  
  11  0:28  Drone  
  11  0:33  Drone  
  13  0:38  Drone  
  14  0:49  Overlord  
  14  1:13  Queen  
  14  1:14  Metabolic Boost  
  14  1:17  Zergling x2  
  17  1:22  Zergling x2  
  18  1:26  Zergling x2  
  18  1:29  Zergling x2  
  20  1:39  Zergling x2  
  21  1:49  Overlord  
  21  2:01  Zergling x2  
  22  2:12  Zergling x2, Hatchery  
  22  2:22  Zergling x6  
  25  2:26  Zergling x2  
  26  2:37  Zergling x2  
  27  2:47  Zergling x2  
  28  2:54  Zergling x2  
  29  3:04  Overlord, Drone  
  30  3:23  Drone  
  30  3:24  Drone x2  
  30  3:26  Queen  
  35  3:27  Drone  
  35  3:29  Queen  
  38  3:35  Drone  
  38  3:41  Drone  
  40  3:49  Baneling Nest  
  40  3:52  Drone  
  40  3:55  Drone  
  41  3:57  Drone  
  41  4:00  Drone  
  43  4:04  Drone  
  44  4:16  Zergling x4  
  43  4:22  Overlord  
  43  4:25  Overlord  
  43  4:29  Zergling x2  
  43  4:34  Zergling x2  
  43  4:42  Zergling x10  
  43  4:55  Drone x3  
  43  4:57  Drone x2  
  43  4:59  Drone  
  47  5:03  Drone  
  47  5:06  Drone  
  47  5:16  Zergling x2  
  49  5:21  Zergling x2, Drone  
  49  5:22  Drone x4  
  49  5:24  Drone  
  54  5:29  Drone  
  54  5:32  Baneling x2  
  54  5:33  Drone  
  55  5:38  Baneling x2  
  55  5:40  Drone  
  56  5:44  Roach Warren, Baneling  
  56  5:49  Overlord  
  45  6:04  Overlord  
  45  6:05  Extractor  
  45  6:07  Drone  
  45  6:13  Lair, Drone x3  
  45  6:16  Extractor, Drone  
  45  6:17  Hatchery  
  45  6:18  Drone  
  48  6:19  Drone  
  48  6:23  Drone  
  49  6:34  Drone x2  
  49  6:36  Zergling x2  
  51  6:46  Overlord, Evolution Chamber  
  50  6:49  Roach x2  
  50  6:50  Roach x3  
  50  6:51  Roach  
  62  7:00  Overlord  
  62  7:01  Roach  
  62  7:06  Roach x3  
  70  7:09  Roach  
  72  7:19  Drone x2  
  72  7:20  Extractor  
  73  7:22  Zerg Missile Weapons Level 1  
  73  7:25  Roach x2  
  73  7:28  Roach  
  79  7:32  Roach  
  79  7:34  Roach  
  83  7:37  Roach  
  83  7:42  Roach  
  83  7:43  Roach  
  89  7:47  Overlord  
  89  7:48  Overlord  
  89  7:50  Unknown  
  89  7:51  Overlord  
  89  7:55  Overlord  
  89  8:00  Glial Reconstitution  
  89  8:01  Overlord  
  89  8:06  Ravager  
  89  8:09  Zergling x2  
  89  8:10  Zergling x8  
  94  8:13  Roach x4  
  94  8:14  Roach  
  94  8:18  Drone  
  94  8:19  Drone x3  
  108  8:21  Drone  
  108  8:23  Drone  
  110  8:30  Drone  
  110  8:31  Roach x2  
  110  8:32  Roach  
  117  8:35  Roach  
  117  8:37  Roach  
  121  8:42  Overlord  
  121  8:46  Roach  
  121  8:47  Roach  
  125  8:49  Roach  
  125  8:52  Roach  
  125  8:54  Overlord  
  129  8:57  Overlord  
  129  9:00  Overlord  
  129  9:02  Unknown  
  129  9:03  Roach  
  129  9:06  Roach x2  
  129  9:09  Roach  
  137  9:12  Overlord  
  137  9:13  Roach  
  139  9:17  Zerg Missile Weapons Level 2  
  139  9:21  Roach  
  139  9:28  Drone x2  
  136  9:33  Roach  
  136  9:34  Roach x3  
  136  9:35  Roach  
  136  9:38  Roach  
  147  9:40  Ravager  
  147  9:41  Ravager x2  
  147  9:43  Roach  
  154  9:45  Roach  
  154  9:47  Roach  
  154  9:49  Roach  
  154  9:51  Roach  
  160  9:53  Roach  
  160  9:59  Roach  
  162  10:02  Overlord  
  162  10:04  Overlord  
  162  10:06  Overlord  
  162  10:10  Overlord  
  162  10:14  Overlord  
  160  10:25  Roach  
  160  10:30  Roach x4  
  160  10:31  Ravager x3  
  160  10:32  Roach  
  160  10:33  Roach  
  173  10:38  Roach  
  173  10:39  Roach x2  
  179  10:43  Roach x2  
  179  10:45  Roach  
  179  10:46  Roach  
  187  10:51  Roach  
  187  10:54  Roach  
  191  10:57  Roach x2  
  191  10:58  Roach  
  191  11:00  Roach  
  199  11:15  Spine Crawler, Roach  
  199  11:33  Roach  
  199  11:36  Roach  
  199  11:42  Roach  
  200  11:50  Zerg Ground Armor Level 1  
  200  11:53  Overlord  
  200  11:59  Overlord  
  190  12:11  Roach x2  
  190  12:14  Roach x3  
  162  12:19  Roach x3  
  162  12:20  Roach x2  
  155  12:23  Roach  
  155  12:24  Roach  
  155  12:29  Roach x2  
  153  12:33  Roach x2  
  153  12:36  Roach  
  153  12:37  Roach x5  
  151  12:38  Roach  
  151  12:39  Roach x2  
  151  12:40  Roach  
  151  12:41  Roach x2  
  171  12:45  Ravager  
  171  12:46  Ravager  
  171  12:48  Roach  
  171  12:50  Roach  
  177  12:53  Roach  
  177  12:56  Roach  
  181  12:59  Roach  
  181  13:03  Roach  
  185  13:10  Overlord x2  
  185  13:30  Roach x4  
  185  13:31  Roach  
  185  13:33  Roach  
  177  13:36  Roach  
  177  13:38  Roach  
  152  13:43  Roach  
  152  13:45  Roach  
  132  13:51  Roach  
  132  13:53  Roach x2  
  118  13:58  Roach  
  118  13:59  Roach  
  118  14:02  Roach  
  99  14:04  Roach  
  99  14:07  Roach  
  99  14:19  Ravager x6  
  99  14:21  Unknown x2, Roach  
  99  14:23  Unknown x2, Roach  
  109  14:25  Roach  
  109  14:29  Roach  
  109  14:30  Roach  
  115  14:33  Roach  
  115  14:36  Roach  
  115  14:37  Roach  
  121  14:41  Roach  
  121  14:43  Roach  
  125  14:47  Roach  
  125  14:50  Roach  
  129  14:53  Roach  
  131  15:01  Overseer  
  131  15:02  Roach x2  
  131  15:04  Roach  
  137  15:09  Unknown x3, Roach  
  137  15:10  Unknown  
  137  15:11  Roach  
  141  15:17  Roach  
  141  15:20  Roach x2  
  147  15:23  Roach  
  151  15:28  Roach  
  151  15:33  Roach x2  
  155  15:37  Roach  
  155  15:38  Roach  
  155  15:41  Roach  
  159  15:44  Roach  
  159  15:47  Roach  
  159  15:49  Roach  
  165  15:52  Roach  
  165  15:55  Roach  
  169  15:59  Roach  
  171  16:15  Roach  
  171  16:17  Roach  
  175  16:19  Roach  
  175  16:25  Hatchery, Roach  
  176  16:31  Roach x2  
  180  16:34  Roach  
  180  16:35  Roach  
  180  16:40  Roach  
  180  16:41  Roach  
  180  16:46  Roach  
  182  16:50  Overseer  
  182  16:52  Roach  
  182  16:53  Roach  
  186  16:57  Roach  
  190  17:01  Roach  
  190  17:03  Ravager x3  
  190  17:04  Ravager  
  190  17:05  Unknown x2  
  194  17:15  Unknown x2  
  194  17:16  Overlord  
  194  17:18  Overlord  
  194  17:20  Overlord  
  194  17:21  Overlord  
  194  17:22  Unknown  
  190  17:32  Roach  
  190  17:33  Roach  
  190  17:35  Roach  
  179  17:38  Roach  
  179  17:41  Roach  
  179  17:43  Roach  
  179  17:48  Roach  
  181  17:52  Roach  
  181  17:56  Roach  
  181  17:57  Roach  
  165  18:08  Roach x4  
  165  18:12  Roach  
  175  18:16  Roach  
  175  18:19  Roach  
  177  18:21  Roach  
  177  18:25  Roach  
  181  18:27  Roach  
  181  18:31  Roach  
  181  18:34  Roach  
  181  18:37  Unknown  
  181  18:38  Unknown x3, Roach  
  181  18:41  Roach  
  183  18:46  Roach  
  183  18:48  Roach  
  185  18:52  Roach  
  187  18:56  Roach  
  187  18:59  Roach  
  187  19:01  Roach  
  189  19:05  Roach  
  191  19:11  Roach  
  191  19:13  Roach  
  191  19:17  Roach  
  193  19:20  Roach  
  195  19:27  Roach  
  173  19:31  Roach  
  173  19:36  Roach  
  173  19:37  Roach  
  163  19:46  Roach x2  
  163  19:50  Roach  
  132  19:55  Roach  
  132  19:58  Roach  
  121  20:10  Roach x2  
  104  20:22  Zergling x4  
  104  20:27  Zergling x2  
  99  20:35  Zergling x2  
  95  20:42  Zergling x2  
  93  21:04  Zergling x2  

Tags
 
Add a new tag
Caveats
  • Supply blocks, unpowered buildings, or Contaminate may cause inaccurate times.
  • Supply counts are checked every 10 seconds.